 Dungeon Crawl Stone Soup version 0.29-a0-1019-g84f7d21838 (webtiles) character file.

Game seed: 4541672541592626912

26 bladeefan the Chopper (level 3, 0/33 HPs)
             Began as a Hill Orc Monk on Aug 10, 2022.
             Slain by a goblin
             ... wielding a +0 club
             ... led by Robin
              (3 damage)
             ... on level 1 of the Dungeon.
             The game lasted 00:01:15 (902 turns).

bladeefan the Chopper (Hill Orc Monk)                Turns: 902, Time: 00:01:15

Health: 0/33       AC:  6    Str: 15    XL:     3   Next: 8%
Magic:  3/3        EV: 11    Int: 10    God:
Gold:   13         SH:  0    Dex: 13    Spells: 2/2 levels left

rFire   . . .      SeeInvis .   a - +0 hand axe
rCold   . . .      Faith    .   (no shield)
rNeg    . . .      Spirit   .   e - +0 ring mail
rPois   .          Reflect  .   (no helmet)
rElec   .          Harm     .   (no cloak)
rCorr   .          Rampage  .   (no gloves)
Will    .....                   f - +0 pair of boots
Stlth   +.........              (no amulet)
HPRegen 0.11/turn               (no ring)
MPRegen 0.08/turn               (no ring)

@: no status effects
A: no striking features
a: no special abilities


You were on level 1 of the Dungeon.
You visited 1 branch of the dungeon, and saw 2 of its levels.

You collected 13 gold pieces.

Inventory:

Hand Weapons
 a - a +0 hand axe (weapon)
Armour
 e - a +0 ring mail (worn)
   (You found it on level 1 of the Dungeon)
 f - a +0 pair of boots (worn)
   (You found it on level 1 of the Dungeon)
Scrolls
 b - a scroll of blinking {unknown}
 d - 2 scrolls of identify {unknown}
Potions
 c - a potion of ambrosia


   Skills:
 + Level 4.0 Fighting
 + Level 4.4 Axes
 + Level 2.6 Dodging
 + Level 2.0 Stealth


You had 2 spell levels left.
You didn't know any spells.
Your spell library was empty.

Dungeon Overview and Level Annotations

Branches:
Dungeon (2/15)

Altars:

Annotations:
D:2 Robin


Message History

You have reached level 3!
Your experience leads to an increase in your attributes!
Increase (S)trength, (I)ntelligence, or (D)exterity?
You feel stronger. x2
You hit the goblin. You barely miss the hobgoblin.
The hobgoblin hits you but does no damage.
The goblin misses you.
You hit the goblin.
You kill the goblin!
You hit the hobgoblin but do no damage.
The goblin no longer looks unusually strong.
The hobgoblin hits you. The hobgoblin attacks as you move away!
The hobgoblin hits you but does no damage.
The hobgoblin no longer looks unusually strong.
Robin throws the goblin at you! The goblin misses you.
You see here a +0 dagger.
You hit the hobgoblin but do no damage. You hit the goblin.
You kill the goblin!
The hobgoblin barely misses you.
Robin roars a battlecry!
The goblins go into a battle-frenzy!
The hobgoblin hits you but does no damage.
You closely miss the hobgoblin.
A goblin comes into view. It is wielding a +0 club.
The hobgoblin barely misses you.
You hit the hobgoblin.
The hobgoblin hits you but does no damage.
Robin throws the goblin at you!
You hit the hobgoblin but do no damage. You hit the goblin but do no damage.
The goblin hits you with a +0 club. The hobgoblin hits you.
* * * LOW HITPOINT WARNING * * *
A hobgoblin comes into view.
The hobgoblin shouts!
The goblin hits you with a +0 club.
* * * LOW HITPOINT WARNING * * *
There is a stone staircase leading up here.
The goblin hits you with a +0 club.
* * * LOW HITPOINT WARNING * * *
The hobgoblin barely misses you. The hobgoblin hits you.
* * * LOW HITPOINT WARNING * * *
You climb upwards.
There is a stone staircase leading down here.
You closely miss the goblin. You barely miss the hobgoblin.
The hobgoblin hits you but does no damage.
The goblin hits you but does no damage.
You barely miss the goblin. You closely miss the hobgoblin.
The hobgoblin no longer looks unusually strong.
The hobgoblin barely misses you. The goblin hits you with a +0 club.
You die...

######.###.................#.#.##
.....#.# #...........#####.....#.
.....#.# #...........#...#.......
.....'.# #.....#.###.#.#.#...####
.....#####.....#.# #.#...........
.....'.........#.###.######..####
.....###.......#.#...#.......#
##'##..#.......#g#.#.#'#####.#
#.##..#...#...#@#.#......##.#
##.##..#.......#g#........##.#
...##..#....#...g.........##.#
.##....#....##.......#+#####.#
.##....#...............# #.#
..(....#.#######'#.....# #.#
........)).......#.....# #.#
....##.#.........#.....# #.#
......##########.#.....# #.#


You could see 2 hobgoblins and a goblin (strong).

Vanquished Creatures
  A dart slug (D:1)
  An endoplasm (D:1)
  A giant cockroach (D:1)
  7 goblins
  2 hobgoblins (D:1)
  A quokka (D:1)
  2 ball pythons (D:1)
  4 bats (D:1)
  2 frilled lizards (D:1)
  A kobold (D:1)
22 creatures vanquished.

Notes
Turn   | Place    | Note
-------+----------+-------------------------------------------
     0 | D:1      | bladeefan the Hill Orc Monk began the quest for the Orb.
     0 | D:1      | Reached XP level 1. HP: 19/19 MP: 1/1
   114 | D:1      | Reached XP level 2. HP: 26/27 MP: 2/2
   375 | D:1      | Found a faded altar of an unknown god.
   875 | D:2      | Identified the +2 helmet "Zyhah" {Int+4}
   875 | D:2      | Noticed Robin
   891 | D:2      | Reached XP level 3. HP: 23/33 MP: 3/3
   902 | D:1      | Slain by a goblin

Illustrated notes

Levels and vault maps discovered:
D:1:      psy_arrival_basics, layout_basic, shapermc_ecumenical_altar_acropolis
D:2:      layout_loops_ring, uniq_jessica, uniq_robin, uniq_crazy_yiuf_cottage

Skill      XL: |  1  2 |
---------------+-------+-----
Stealth        | 2 |  2.0
Fighting       | 4 |  4.0
Axes           | |  4.4
Dodging        | |  2.6

Action                   || total
-------------------------++-------
Melee: Hand axe          ||    74
       Punch             ||     1
 Stab: Sleeping          ||     2
Armor: Ring mail         ||    43
Dodge: Dodged            ||    50

Table legend: (Time is in decaauts)
 A = Elapsed time spent in this place.
 B = Non-inter-level travel time spent in this place.
 C = Inter-level travel time spent in this place.
 D = Time resting spent in this place.
 E = Time spent auto-exploring this place.
 F = Levels seen in this place.
 G = Mean time per level.
                   A        B        C        D        E       F      G
               +--------+--------+--------+--------+--------+-----+--------+
         Total |    910 |    881 |     29 |      0 |    691 |   2 |  455.0 |
       Dungeon |    910 |    881 |     29 |      0 |    691 |   2 |  455.0 |
               +--------+--------+--------+--------+--------+-----+--------+

Top non-repeatable levels by time:
     D:1: 874 daAuts
     D:2: 36 daAuts
